 Dungeon Crawl Stone Soup version 0.24.0-37-gcf1ca852f1 (webtiles) character file.

Game seed: 15435690835050931788, levelgen mode: deterministic

38 McKennaii the Skirmisher (level 3, -1/29 HPs)
             Began as a Demonspawn Fighter on Nov 22, 2019.
             Slain by an adder (4 damage)
             ... on level 2 of the Dungeon.
             The game lasted 00:02:19 (860 turns).

McKennaii the Skirmisher (Demonspawn Fighter)        Turns: 860, Time: 00:02:21

Health: -1/29      AC:  6    Str: 17    XL:     3   Next: 25%
Magic:  3/3        EV:  7    Int: 14    God:
Gold:   56         SH:  9    Dex: 12    Spells: 2/2 levels left

rFire    . . .     SeeInvis .   a - +0 war axe
rCold    . . .     Gourm    .   c - +0 shield
rNeg     . . .     Faith    .   b - +0 scale mail
rPois    .         Spirit   .   (helmet restricted)
rElec    .         Reflect  .   (no cloak)
rCorr    .         Harm     .   (no gloves)
MR       .....                  (no boots)
Stlth    ..........             (no amulet)
HPRegen  0.09/turn              (no ring)
MPRegen  0.08/turn              (no ring)

@: brilliant, lethally poisoned (-1 -> -16), flying, very slightly contaminated,
invisible
A: antennae 1, rot immunity
a: no special abilities


You were on level 2 of the Dungeon.
You were not hungry.

You visited 1 branch of the dungeon, and saw 2 of its levels.

You collected 56 gold pieces.

Inventory:

Hand Weapons
 a - a +0 war axe (weapon)
Armour
 b - a +0 scale mail (worn)
 c - a +0 shield (worn)
Scrolls
 e - a scroll of remove curse {unknown}
 h - a scroll of teleportation {unknown}
Potions
 d - a potion of might
 i - a potion of curing {unknown}
 k - a potion of brilliance
Comestibles
 f - a ration


   Skills:
 + Level 3.4 Fighting
 - Level 1.9 Axes
 + Level 3.1 Armour
 + Level 0.1 Dodging
 + Level 0.1 Stealth
 + Level 3.2 Shields


You had 2 spell levels left.
You didn't know any spells.
Your spell library was empty.

Dungeon Overview and Level Annotations

Branches:
Dungeon (2/15)

Altars:


Innate Abilities, Weirdness & Mutations

You have a pair of small antennae on your head.
You are immune to rotting.


Message History

You feel clever all of a sudden.
* * * LOW HITPOINT WARNING * * *
You feel sick. You block the adder's attack.
The leopard gecko hisses menacingly.
It was a potion of invisibility.
You fade into invisibility!
* * * LOW HITPOINT WARNING * * *
You feel sick. You block the adder's attack. The adder bites you.
* * * LOW HITPOINT WARNING * * *
You are more poisoned.
The adder poisons you!
You are very lightly contaminated with residual magic.
You catch the helpless kobold completely off-guard!
You hit the kobold but do no damage. You barely miss the adder.
* * * LOW HITPOINT WARNING * * *
You feel sick. The adder bites you but does no damage.
You block the kobold's attack.
The kobold throws a stone.
The stone hits the leopard gecko but does no damage.
The adder bites you.
You die...

. . . .
.## ##.
.. ..
#.#.#
.(. #
#S# ..#
#@##...#
#Kl...#
#(#####
#.# .K#
#.# #..
#.# #.#


You could see an adder, a leopard gecko and 2 kobolds.

Vanquished Creatures
  An ooze (D:1)
  A leopard gecko (D:1)
  2 bats (D:1)
  2 giant cockroaches (D:1)
  3 goblins (D:1)
  2 hobgoblins (D:1)
  4 jackals (D:2)
  8 kobolds (D:1)
  3 frilled lizards (D:1)
  4 rats (D:1)
30 creatures vanquished.

Notes
Turn   | Place    | Note
-------+----------+-------------------------------------------
     0 | D:1      | McKennaii the Demonspawn Fighter began the quest for the
                  | Orb.
     0 | D:1      | Reached XP level 1. HP: 18/18 MP: 1/1
    16 | D:1      | Gained mutation: You are immune to rotting. [demonic
                  | ancestry]
    16 | D:1      | Reached XP level 2. HP: 12/24 MP: 2/2
   721 | D:1      | Gained mutation: You have a pair of small antennae on your
                  | head. [demonic ancestry]
   721 | D:1      | Reached XP level 3. HP: 18/29 MP: 3/3
   860 | D:2      | Slain by an adder

Levels and vault maps discovered:
D:1:      sevenhm_arrival_forest_fort_small_6, layout_loops_cross
D:2:      layout_loops_ring, minmay_misc_feat_nine_boxes,
          grunt_decor_resistance, uniq_natasha, uniq_jessica, uniq_sigmund

Skill      XL: |  1  2 |
---------------+-------+-----
Armour         | 3 |  3.1
Shields        | 3 |  3.2
Fighting       | |  3.4
Axes           | |  1.9
Dodging        | |  0.1
Stealth        | |  0.1

Action                   || total
-------------------------++-------
Melee: War axe           ||   105
  Use: Potion            ||     3
 Stab: Invisible         ||     1
Armor: Scale mail        ||    65
Dodge: Dodged            ||    31
Block: Shield            ||    62
